 Dungeon Crawl Stone Soup version 0.31-a0-180-g519b7de00c (webtiles) character file.

Game seed: 16149591706421635039

107539 qw the Severer (level 16, -31/104 HPs)
             Began as a Gargoyle Fighter on June 19, 2023.
             Was an Elder of Okawaru.
             Killed from afar by Azrael (40 damage)
             ... with damnation
             ... on level 2 of the Orcish Mines.
             The game lasted 00:14:00 (23319 turns).

qw the Severer (Gargoyle Fighter)                  Turns: 23319, Time: 00:14:01

Health: -31/104    AC: 42    Str: 26    XL:     16   Next: 47%
Magic:  23/23      EV: 19    Int: 11    God:    Okawaru [****..]
Gold:   1369       SH: 13    Dex:  9    Spells: 15/15 levels left

rFire   . . .        f - +1 broad axe (vamp)
rCold   . . .        F - +0 kite shield
rNeg    + . .        u - +0 plate armour
rPois   inf          q - +1 helmet
rElec   +            s - +0 cloak
rCorr   .            D - +0 pair of gloves
SInv    +            x - +2 pair of slick slippers {slick, slippery, EV+4}
Will    ++...        v - amulet of faith Stlth
                     i - ring of Dakhlakhlu {Will+ AC+4 SInv}
HPRegen 0.37/turn    o - +5 ring of evasion
MPRegen 0.18/turn

%: clarity, faith
@: about to teleport, heroic, flying
A: sickness immunity, AC +12, big wings, negative energy resistance 1,
electricity resistance, torment resistance 1, petrification resistance, hooves
1, clarity
a: Renounce Religion, Heroism, Finesse


You were on level 2 of the Orcish Mines.
You worshipped Okawaru.
Okawaru was greatly pleased with you.
You visited 4 branches of the dungeon, and saw 23 of its levels.

You collected 2242 gold pieces.
You spent 873 gold pieces at shops.


Innate Abilities, Weirdness & Mutations

You are immune to sickness and miasma.
Your stone body is resilient. (AC +12)
You are immune to poison.
Your large and strong wings let you fly.
You resist negative energy. (rN+)
You are resistant to electric shocks. (rElec)
You are resistant to unholy torment.
You are immune to petrification.
You have large cloven feet.
You possess an exceptional clarity of mind.


   Skills:
 - Level 13.0(18.0) Fighting
 + Level 17.4(22.4) Axes
 - Level 5.1(10.1) Throwing
 - Level 12.1(17.1) Armour
 - Level 3.3(8.3) Dodging
 - Level 13.0(18.0) Shields
 - Level 10.0 Invocations


You had 15 spell levels left.
You didn't know any spells.
Your spell library was empty.

Inventory:

Hand Weapons
 f - a +1 vampiric broad axe (weapon)
 h - a +1 hand axe of flaming
 z - the +1 broad axe of Juemewut {spect, *Corrode rN+ Int+2 Dex+2}
   (Okawaru gifted it to you on level 10 of the Dungeon)

   Int:       It affects your intelligence (+2).
   Dex:       It affects your dexterity (+2).
   rN:        It protects you from negative energy.
   *Corrode:  It may corrode you when you take damage.
Missiles
 c - 2 boomerangs (quivered)
Armour
 g - +0 acid dragon scales
 q - a +1 helmet (worn)
 s - a +0 cloak (worn)
 u - a +0 plate armour (worn)
 x - the +2 pair of slick slippers (worn) {slick, slippery, EV+4}
   (You found it on level 8 of the Dungeon)

   Slick:     Its wearer cannot be constricted, engulfed, netted or webbed.
   Slippery:  Its wearer slips away from damaging melee attacks, pulling the
   attacker onward.
   EV:        It affects your evasion (+4).
 B - the +0 troll leather armour of Virtue {Will- Regen+ rCorr Dex+4}
   (Okawaru gifted it to you on level 5 of the Lair of Beasts)

   Dex:       It affects your dexterity (+4).
   Regen:     It increases your rate of health regeneration.
   rCorr:     It protects you from acid and corrosion.
   Will:      It decreases your willpower.
 D - a +0 pair of gloves (worn)
 F - a +0 kite shield (worn)
Jewellery
 e - a ring of protection from fire
 i - the ring of Dakhlakhlu (left hand) {Will+ AC+4 SInv}
   (You found it on level 10 of the Dungeon)

   [ring of protection]

   AC:        It affects your AC (+4).
   SInv:      It lets you see invisible.
   Will:      It increases your willpower.
 o - a +5 ring of evasion (right hand)
 v - an amulet of faith (around neck)
 y - a ring of ice
 A - an amulet of regeneration
 E - a ring of fire
Wands
 r - a wand of digging (8)
Scrolls
 a - 9 scrolls of teleportation
 m - 11 scrolls of identify
Potions
 b - 3 potions of magic
 d - 5 potions of might
 j - 2 potions of mutation
 k - 2 potions of enlightenment
 l - 7 potions of curing
 n - 4 potions of lignification
 p - 3 potions of haste
 w - a potion of resistance
 C - a potion of attraction

Dungeon Overview and Level Annotations

Branches:
Dungeon (15/15)            Temple (1/1) D:7            Lair (5/5) D:11
  Swamp (0/4) Lair:3       Spider (0/4) Lair:3        Slime (0/5) Lair:4
    Orc (2/2) D:12            Elf (0/3) Orc:2        Vaults (0/5) D:13
 Depths (0/4) D:15

Altars:
Ashenzari
Cheibriados
Dithmenos
Elyvilon
Fedhas
Gozag
Hepliaklqana
Kikubaaqudgha
Makhleb
Nemelex Xobeh
Okawaru
Qazlal
Ru
Sif Muna
Trog
Uskayaw
Vehumet
Wu Jian
Xom
Yredelemnul
Zin
The Shining One

Shops:
D:5 [   D:9 :=(:(   D:10 [   D:13 =

Portals:
Ice
Cave: Orc:2
Volcano: Orc:1

Annotations:
Lair:1 2 transporters, qw's ghost, journeyman NaHu
Lair:3 exclusions: 4 killer bees and meliai
Orc:2 Azrael; Erolcha


Message History

You slash the hell hound!
The hell hound is severely wounded.
You block the hell hound's attack.
You hit the hell hound.
The hell hound is almost dead.
You block the hell hound's attack.
You slice the hell hound!!
You kill the hell hound!
Okawaru accepts your kill. Azrael gestures at you.
The fireball explodes!
The fireball engulfs you!
You hear a shout!
Azrael gestures at you.
The sphere of damnation explodes!
The damnation engulfs you!!
The damnation engulfs Azrael.
Azrael completely resists.
You hit Azrael.
Azrael is lightly wounded.
Azrael gestures at you.
The sphere of damnation explodes!
The damnation engulfs you!!
The damnation engulfs Azrael.
Azrael completely resists.
You hear a shout!
You hit Azrael but do no damage.
Azrael is lightly wounded.
You hit Azrael but do no damage.
Azrael is lightly wounded.
You block Azrael's attack.
You barely miss Azrael.
Azrael is lightly wounded.
Azrael closely misses you.
You hit Azrael but do no damage.
Azrael is lightly wounded.
Azrael gestures at you.
The sphere of damnation explodes!
The damnation engulfs you!!
The damnation engulfs Azrael.
Azrael completely resists.
23319 ||| READING 10 scrolls of teleportation.
As you read the scroll of teleportation, it crumbles to dust.
You feel strangely unstable. Azrael gestures at you.
The sphere of damnation explodes!
The damnation engulfs you!!!
You die...

####..# ##..#....
##........ ###
##........# ##.##
#..........
#.%.##########..........
.#....##.##.##..........
##..............%%......
#........##.#...@R......
....#.....####..........
.......#...# #..........
....#.#....# ##.#.......
.....###..#.# ##....>...
..... #.#...# .......#
..... .....#. ........
#...#...


You could see Azrael.

Vanquished Creatures
  Rupert (Lair:3)
  Agnes (D:15)
  A tengu reaver (D:14)
  Nessos (D:15)
  An ettin (D:14)
  Josephine (D:10)
  7 hydras
  8 vault guards (D:13)
  An ogre mage (D:14)
  9 centaur warriors
  A death knight (D:14)
  6 boulder beetles
  Erica (D:11)
  3 tengu warriors
  3 two-headed ogres
  11 death yaks
  A vampire mage (D:15)
  An orc high priest (Orc:2)
  3 skeletal warriors
  A skyshark (Lair:2)
  A death drake (shapeshifter) (D:14)
  A deep elf archer (D:14)
  2 wolf spiders (Lair:5)
  A wizard (D:14)
  A lindwurm (Lair:5)
  2 orc knights
  3 deep elf pyromancers
  3 phantasmal warriors (D:14)
  A necromancer (D:15)
  A salamander (shapeshifter) (D:13)
  An orc sorcerer (Orc:1)
  2 cyclopes
  6 manticores
  13 ugly things
  4 elephants (Lair:3)
  A fire giant skeleton (D:15)
  A guardian serpent (Lair:5)
  Joseph (D:8)
  11 black mambas
  2 gargoyles
  17 cane toads
  2 unseen horror zombies (D:10)
  An unseen horror (D:10)
  2 rime drakes
  3 kobold demonologists
  15 komodo dragons
  2 yaktaurs
  4 efreet
  A freezing wraith (D:14)
  A troll (shapeshifter) (D:8)
  6 trolls
  4 meliai
  A polar bear (Lair:5)
  A hornet (shapeshifter) (D:14)
  3 hornets
  2 spriggan zombies (D:15)
  4 blink frogs (Lair:5)
  4 dream sheep (Lair:5)
  15 slime creatures
  6 shadows
  Sigmund (D:3)
  3 vampires
  13 wyverns
  A water elemental (D:14)
  37 yaks
  6 wraiths
  3 fire elementals (Orc:2)
  4 steam dragons
  4 redbacks (Lair:5)
  A redback (shapeshifter) (D:11)
  12 vampire mosquitoes
  4 basilisks
  3 acid dragons
  22 water moccasins
  A human skeleton (D:15)
  4 hell hounds (Orc:2)
  5 orc warriors
  3 ice beasts
  5 wolves (Lair:3)
  16 centaurs
  3 ogres
  A phantom (D:4)
  14 kobold brigands
  12 bullfrogs
  2 gnoll sergeants
  2 scorpions (D:5)
  8 wights
  10 killer bees
  4 howler monkeys
  A vampire bat (D:3)
  An electric eel (D:14)
  12 centaur zombies (D:10)
  8 orc priests
  2 gnoll boudas
  2 hounds
  3 jellies (Lair:4)
  A sleepcap (D:7)
  Ijyb (D:3)
  An iguana (D:4)
  21 orc wizards
  2 howler monkey zombies (D:10)
  Robin (D:2)
  6 adders
  21 gnolls
  A river rat (D:11)
  15 white imps
  An ufetubus (D:4)
  A worm (D:2)
  4 dart slugs
  60 orcs
  12 bats
  An endoplasm (D:4)
  2 giant cockroaches
  16 goblins
  13 hobgoblins
  12 jackals
  2 quokkas
  7 ball pythons
  4 frilled lizards
  38 kobolds
  7 rats
  A fire vortex (Lair:3)
  A spectral weapon (D:10)
699 creatures vanquished.

Vanquished Creatures (others)
  A deep elf knight (D:14)
  A cane toad (Lair:5)
  A slime creature (D:13)
  11 spectral weapons
14 creatures vanquished.

Grand Total: 713 creatures vanquished

Notes
Turn   | Place    | Note
-------+----------+-------------------------------------------
     0 | D:1      | qw the Gargoyle Fighter began the quest for the Orb.
     0 | D:1      | Reached XP level 1. HP: 14/14 MP: 1/1
     0 | D:1      | 0 ||| qw: Version: 0.3-a-7-ge0c9b40
     0 | D:1      | 0 ||| qw: Game counter: 1051
     0 | D:1      | 0 ||| qw: Always use a shield: true
     0 | D:1      | 0 ||| qw: God list: Okawaru
     0 | D:1      | 0 ||| qw: Allow faded altars: false
     0 | D:1      | 0 ||| qw: Do Orc after D:15 true
     0 | D:1      | 0 ||| qw: Do second Lair branch before Depths: true
     0 | D:1      | 0 ||| qw: Lair rune preference: random
     0 | D:1      | 0 ||| qw: Plans: Normal, Zot:1-4, Slime:5, God:TSO, Crypt,
                  | Tomb, Abyss, Pan, Hells, Win
     0 | D:1      | 0 ||| PLANNING D:1-11
    89 | D:1      | Reached skill level 2 in Axes
   127 | D:1      | Reached XP level 2. HP: 19/19 MP: 2/2
   181 | D:1      | 181 ||| DROPPING +0 club.
   199 | D:1      | 199 ||| Stepping ~*~*~tactically~*~*~ (hiding).
   202 | D:1      | 202 ||| Stepping ~*~*~tactically~*~*~ (hiding).
   539 | D:1      | Reached skill level 3 in Axes
   539 | D:1      | Reached XP level 3. HP: 23/23 MP: 3/3
   614 | D:1      | 614 ||| UPGRADING to +0 chain mail.
   624 | D:1      | 624 ||| DROPPING +0 scale mail.
   625 | D:1      | 625 ||| READING scroll labelled BEITA TEKKIGG.
   626 | D:1      | 626 ||| READING scroll labelled EHABLOI HIMOMA.
   627 | D:1      | 627 ||| READING scroll labelled WOHAUL ZAOSIM.
   628 | D:1      | 628 ||| DRINKING 2 smoky pink potions.
   628 | D:1      | Gained mutation: You possess an exceptional clarity of
                  | mind. [potion of mutation]
   628 | D:1      | Gained mutation: You have large cloven feet. [potion of
                  | mutation]
   712 | D:2      | 712 ||| Stepping ~*~*~tactically~*~*~ (stealth).
   713 | D:2      | 713 ||| Stepping ~*~*~tactically~*~*~ (stealth).
   733 | D:2      | 733 ||| Stepping ~*~*~tactically~*~*~ (stealth).
   878 | D:2      | Reached XP level 4. HP: 24/28 MP: 4/4
   940 | D:2      | 940 ||| Stepping ~*~*~tactically~*~*~ (hiding).
  1027 | D:2      | 1027 ||| Stepping ~*~*~tactically~*~*~ (stealth).
  1032 | D:2      | Reached skill level 4 in Axes
  1035 | D:2      | 1035 ||| Stepping ~*~*~tactically~*~*~ (stealth).
  1043 | D:2      | 1043 ||| Stepping ~*~*~tactically~*~*~ (stealth).
  1116 | D:2      | 1116 ||| Stepping ~*~*~tactically~*~*~ (stealth).
  1159 | D:2      | 1159 ||| Stepping ~*~*~tactically~*~*~ (hiding).
  1163 | D:2      | Noticed Robin
  1172 | D:2      | Killed Robin
  1191 | D:2      | 1191 ||| Stepping ~*~*~tactically~*~*~ (stealth).
  1192 | D:2      | 1192 ||| Stepping ~*~*~tactically~*~*~ (stealth).
  1381 | D:2      | 1381 ||| Stepping ~*~*~tactically~*~*~ (stealth).
  1382 | D:2      | 1382 ||| Stepping ~*~*~tactically~*~*~ (stealth).
  1390 | D:2      | Reached XP level 5. HP: 32/32 MP: 5/5
  1489 | D:2      | 1489 ||| UPGRADING to +0 helmet.
  1494 | D:2      | 1494 ||| UPGRADING to +1 helmet.
  1504 | D:2      | 1504 ||| DROPPING +0 helmet.
  1505 | D:2      | 1505 ||| DROPPING orb of guile.
  1506 | D:2      | 1506 ||| UPGRADING to ring of see invisible.
  1507 | D:2      | 1507 ||| UPGRADING to +4 ring of protection.
  1508 | D:2      | 1508 ||| READING scroll labelled DOUGRO FEENG.
  1509 | D:2      | 1509 ||| READING scroll labelled ASABUF DUPOPEL.
  1510 | D:2      | 1510 ||| READING scroll labelled NIROLE DIQAH.
  1511 | D:2      | 1511 ||| READING scroll labelled QEOPNYTZOS.
  1512 | D:2      | 1512 ||| DRINKING 2 metallic blue potions.
  1620 | D:3      | Noticed Ijyb
  1621 | D:3      | 1621 ||| Stepping ~*~*~tactically~*~*~ (hiding).
  1632 | D:3      | Killed Ijyb
  1634 | D:3      | 1634 ||| FLEEEEING.
  1635 | D:3      | 1635 ||| FLEEEEING.
  1636 | D:3      | 1636 ||| FLEEEEING.
  1637 | D:3      | 1637 ||| FLEEEEING.
  1638 | D:3      | 1638 ||| FLEEEEING.
  1639 | D:3      | 1639 ||| FLEEEEING.
  1640 | D:3      | 1640 ||| FLEEEEING.
  1641 | D:3      | 1641 ||| FLEEEEING.
  1642 | D:3      | 1642 ||| FLEEEEING.
  1643 | D:3      | 1643 ||| FLEEEEING.
  1644 | D:3      | 1644 ||| FLEEEEING.
  1645 | D:3      | 1645 ||| FLEEEEING.
  1646 | D:3      | 1646 ||| FLEEEEING.
  1647 | D:3      | 1647 ||| FLEEEEING.
  1648 | D:3      | 1648 ||| FLEEEEING.
  1649 | D:3      | 1649 ||| FLEEEEING.
  1650 | D:3      | 1650 ||| FLEEEEING.
  1651 | D:3      | 1651 ||| FLEEEEING.
  1652 | D:3      | 1652 ||| FLEEEEING.
  1653 | D:3      | 1653 ||| FLEEEEING.
  1654 | D:3      | 1654 ||| FLEEEEING.
  1655 | D:3      | 1655 ||| FLEEEEING.
  1656 | D:3      | 1656 ||| FLEEEEING.
  1657 | D:3      | 1657 ||| FLEEEEING.
  1658 | D:3      | 1658 ||| FLEEEEING.
  1659 | D:3      | 1659 ||| FLEEEEING.
  1660 | D:3      | 1660 ||| FLEEEEING.
  1661 | D:3      | 1661 ||| FLEEEEING.
  1662 | D:3      | 1662 ||| FLEEEEING.
  1663 | D:3      | 1663 ||| FLEEEEING.
  1664 | D:3      | 1664 ||| FLEEEEING.
  1665 | D:3      | 1665 ||| FLEEEEING.
  1666 | D:3      | 1666 ||| FLEEEEING.
  1667 | D:3      | 1667 ||| FLEEEEING.
  1668 | D:3      | 1668 ||| FLEEEEING.
  1669 | D:3      | 1669 ||| FLEEEEING.
  1670 | D:3      | 1670 ||| FLEEEEING.
  1671 | D:3      | 1671 ||| FLEEEEING.
  1672 | D:3      | 1672 ||| FLEEEEING.
  1673 | D:3      | 1673 ||| FLEEEEING.
  1674 | D:3      | 1674 ||| FLEEEEING.
  1675 | D:3      | 1675 ||| FLEEEEING.
  1676 | D:3      | 1676 ||| FLEEEEING.
  1677 | D:3      | 1677 ||| FLEEEEING.
  1678 | D:3      | 1678 ||| FLEEEEING.
  1679 | D:3      | 1679 ||| FLEEEEING.
  1680 | D:3      | 1680 ||| FLEEEEING.
  1681 | D:3      | 1681 ||| FLEEEEING.
  1682 | D:3      | 1682 ||| FLEEEEING.
  1683 | D:3      | 1683 ||| FLEEEEING.
  1684 | D:3      | 1684 ||| FLEEEEING.
  1685 | D:3      | 1685 ||| FLEEEEING.
  1686 | D:3      | 1686 ||| FLEEEEING.
  1694 | D:3      | Reached skill level 5 in Axes
  1824 | D:3      | Noticed Sigmund
  1830 | D:3      | Killed Sigmund
  1831 | D:3      | Reached XP level 6. HP: 40/40 MP: 6/6
  2062 | D:3      | Found a shadowy altar of Dithmenos.
  2304 | D:3      | 2304 ||| READING scroll labelled KUKYPR GI YWN.
  2539 | D:4      | 2539 ||| Stepping ~*~*~tactically~*~*~ (stealth).
  2571 | D:4      | Reached skill level 6 in Axes
  2571 | D:4      | Reached XP level 7. HP: 44/44 MP: 7/7
  2606 | D:4      | 2606 ||| FLEEEEING.
  2607 | D:4      | 2607 ||| FLEEEEING.
  2608 | D:4      | 2608 ||| FLEEEEING.
  2609 | D:4      | 2609 ||| FLEEEEING.
  2610 | D:4      | 2610 ||| FLEEEEING.
  2612 | D:4      | 2612 ||| FLEEEEING.
  2617 | D:4      | 2617 ||| FLEEEEING.
  2618 | D:4      | 2618 ||| FLEEEEING.
  2619 | D:4      | 2619 ||| FLEEEEING.
  2620 | D:4      | 2620 ||| FLEEEEING.
  2621 | D:4      | 2621 ||| FLEEEEING.
  2622 | D:4      | 2622 ||| FLEEEEING.
  2623 | D:4      | 2623 ||| FLEEEEING.
  2624 | D:4      | 2624 ||| FLEEEEING.
  2625 | D:4      | 2625 ||| FLEEEEING.
  2626 | D:4      | 2626 ||| FLEEEEING.
  2627 | D:4      | 2627 ||| FLEEEEING.
  2628 | D:4      | 2628 ||| FLEEEEING.
  2629 | D:4      | 2629 ||| FLEEEEING.
  2630 | D:4      | 2630 ||| FLEEEEING.
  2632 | D:4      | 2632 ||| FLEEEEING.
  2633 | D:4      | 2633 ||| FLEEEEING.
  2634 | D:4      | 2634 ||| FLEEEEING.
  2635 | D:4      | 2635 ||| FLEEEEING.
  2636 | D:4      | 2636 ||| FLEEEEING.
  2637 | D:4      | 2637 ||| FLEEEEING.
  2777 | D:4      | 2777 ||| Stepping ~*~*~tactically~*~*~ (hiding).
  2783 | D:4      | Reached skill level 1 in Dodging
  3395 | D:4      | 3395 ||| READING scroll labelled LEONATRUWUWU.
  3446 | D:5      | Entered Level 5 of the Dungeon
  3470 | D:5      | 3470 ||| Stepping ~*~*~tactically~*~*~ (hiding).
  3479 | D:5      | 3479 ||| Stepping ~*~*~tactically~*~*~ (stealth).
  3640 | D:5      | Found Icuonoe's Armour Shoppe.
  3720 | D:5      | 3720 ||| BUYING +0 cloak (58 gold).
  3720 | D:5      | Bought a +0 cloak for 58 gold pieces
  3720 | D:5      | 3720 ||| SHOPLISTING +2 robe of resistance (490 gold, have
                  | 206).
  3830 | D:5      | Found a shimmering blue altar of Sif Muna.
  3858 | D:5      | 3858 ||| Stepping ~*~*~tactically~*~*~ (stealth).
  3861 | D:5      | 3861 ||| Stepping ~*~*~tactically~*~*~ (stealth).
  3919 | D:5      | Reached skill level 1 in Throwing
  3961 | D:5      | 3961 ||| Stepping ~*~*~tactically~*~*~ (stealth).
  3987 | D:5      | Reached skill level 7 in Axes
  3987 | D:5      | Reached XP level 8. HP: 24/49 MP: 8/8
  4139 | D:5      | 4139 ||| Stepping ~*~*~tactically~*~*~ (stealth).
  4418 | D:5      | 4418 ||| UPGRADING to +0 cloak.
  4423 | D:5      | 4423 ||| READING scroll labelled TAJ QUINUMASEY.
  4424 | D:5      | 4424 ||| DRINKING 2 grey potions.
  4425 | D:5      | 4425 ||| READING 2 scrolls of identify.
  4425 | D:5      | 4425 ||| IDENTIFYING amethyst potion
  4426 | D:5      | 4426 ||| DROPPING potion of brilliance.
  4484 | D:6      | 4484 ||| Stepping ~*~*~tactically~*~*~ (hiding).
  4715 | D:6      | Identified the +6 whip "Beokku" {drain, rPois Str-5 Int+3}
  4857 | D:6      | Identified the +8 falchion "Maqariamp" {holy, rElec Str+2
                  | Int-5}
  4959 | D:6      | 4959 ||| READING 4 scrolls of identify.
  4959 | D:6      | 4959 ||| IDENTIFYING blue potion
  4960 | D:6      | 4960 ||| READING 3 scrolls of identify.
  4960 | D:6      | 4960 ||| IDENTIFYING bubbling yellow potion
  4961 | D:6      | 4961 ||| READING 2 scrolls of identify.
  4961 | D:6      | 4961 ||| IDENTIFYING murky coppery potion
  5004 | D:7      | Reached skill level 8 in Axes
  5053 | D:7      | 5053 ||| Stepping ~*~*~tactically~*~*~ (stealth).
  5054 | D:7      | 5054 ||| Stepping ~*~*~tactically~*~*~ (stealth).
  5056 | D:7      | 5056 ||| Stepping ~*~*~tactically~*~*~ (hiding).
  5057 | D:7      | 5057 ||| Stepping ~*~*~tactically~*~*~ (hiding).
  5207 | D:7      | Reached skill level 6 in Fighting
  5208 | D:7      | 5208 ||| FLEEEEING.
  5209 | D:7      | 5209 ||| FLEEEEING.
  5210 | D:7      | 5210 ||| FLEEEEING.
  5211 | D:7      | 5211 ||| FLEEEEING.
  5212 | D:7      | 5212 ||| FLEEEEING.
  5213 | D:7      | 5213 ||| FLEEEEING.
  5214 | D:7      | 5214 ||| FLEEEEING.
  5215 | D:7      | 5215 ||| FLEEEEING.
  5216 | D:7      | 5216 ||| FLEEEEING.
  5217 | D:7      | 5217 ||| FLEEEEING.
  5218 | D:7      | 5218 ||| FLEEEEING.
  5219 | D:7      | 5219 ||| FLEEEEING.
  5220 | D:7      | 5220 ||| FLEEEEING.
  5221 | D:7      | 5221 ||| FLEEEEING.
  5222 | D:7      | 5222 ||| FLEEEEING.
  5223 | D:7      | 5223 ||| FLEEEEING.
  5224 | D:7      | 5224 ||| FLEEEEING.
  5225 | D:7      | 5225 ||| FLEEEEING.
  5226 | D:7      | 5226 ||| FLEEEEING.
  5227 | D:7      | 5227 ||| FLEEEEING.
  5228 | D:7      | 5228 ||| FLEEEEING.
  5229 | D:7      | 5229 ||| FLEEEEING.
  5230 | D:7      | 5230 ||| FLEEEEING.
  5231 | D:7      | 5231 ||| FLEEEEING.
  5233 | D:7      | 5233 ||| FLEEEEING.
  5238 | D:7      | 5238 ||| FLEEEEING.
  5239 | D:7      | 5239 ||| FLEEEEING.
  5240 | D:7      | 5240 ||| FLEEEEING.
  5241 | D:7      | 5241 ||| STAIRDANCE
  5271 | D:6      | 5271 ||| READING scroll labelled BOIROL CUTROU.
  5307 | D:7      | 5307 ||| Stepping ~*~*~tactically~*~*~ (hiding).
  5315 | D:7      | 5315 ||| Stepping ~*~*~tactically~*~*~ (hiding).
  5318 | D:7      | 5318 ||| Stepping ~*~*~tactically~*~*~ (hiding).
  5327 | D:7      | Noticed a wyvern
  5330 | D:7      | Killed a wyvern
  5331 | D:7      | Reached XP level 9. HP: 56/56 MP: 9/9
  5334 | D:7      | You fall into a shaft and drop 2 floors!
  5354 | D:7      | Found a burning altar of Makhleb.
  5356 | D:7      | Found a white marble altar of Elyvilon.
  5373 | D:7      | Reached skill level 9 in Axes
  5416 | D:7      | 5416 ||| Stepping ~*~*~tactically~*~*~ (hiding).
  5610 | D:7      | 5610 ||| Stepping ~*~*~tactically~*~*~ (hiding).
  5624 | D:7      | Found a staircase to the Ecumenical Temple.
  5625 | D:7      | 5625 ||| PLANNING TEMPLE
  5633 | Temple   | Entered the Ecumenical Temple
  5651 | Temple   | 5651 ||| PLANNING OKAWARU WORSHIP
  5738 | Temple   | Became a worshipper of Warmaster Okawaru
  5739 | Temple   | 5739 ||| PLANNING D:1-11
  6013 | D:7      | 6013 ||| UPGRADING to +5 ring of evasion.
  6015 | D:7      | 6015 ||| DROPPING ring of see invisible.
  6072 | D:8      | Noticed a troll
  6074 | D:8      | Killed a troll
  6098 | D:8      | Reached * piety under Okawaru
  6100 | D:8      | 6100 ||| Stepping ~*~*~tactically~*~*~ (hiding).
  6102 | D:8      | 6102 ||| Stepping ~*~*~tactically~*~*~ (stealth).
  6103 | D:8      | 6103 ||| Stepping ~*~*~tactically~*~*~ (hiding).
  6104 | D:8      | 6104 ||| Stepping ~*~*~tactically~*~*~ (hiding).
  6106 | D:8      | 6106 ||| Stepping ~*~*~tactically~*~*~ (hiding).
  6111 | D:8      | Noticed Joseph
  6112 | D:8      | Reached skill level 1 in Invocations
  6127 | D:8      | Killed Joseph
  6128 | D:8      | Reached skill level 10 in Axes
  6128 | D:8      | Reached skill level 3 in Invocations
  6136 | D:8      | 6136 ||| FLEEEEING.
  6140 | D:8      | 6140 ||| FLEEEEING.
  6149 | D:8      | 6149 ||| FLEEEEING.
  6155 | D:8      | Noticed a hornet
  6163 | D:8      | 6163 ||| Stepping ~*~*~tactically~*~*~ (stealth).
  6174 | D:8      | Killed a hornet
  6175 | D:8      | Reached XP level 10. HP: 47/63 MP: 12/12
  6179 | D:8      | 6179 ||| FLEEEEING.
  6180 | D:8      | 6180 ||| FLEEEEING.
  6181 | D:8      | 6181 ||| FLEEEEING.
  6182 | D:8      | 6182 ||| FLEEEEING.
  6183 | D:8      | 6183 ||| FLEEEEING.
  6184 | D:8      | 6184 ||| FLEEEEING.
  6185 | D:8      | 6185 ||| FLEEEEING.
  6186 | D:8      | 6186 ||| FLEEEEING.
  6187 | D:8      | 6187 ||| FLEEEEING.
  6188 | D:8      | 6188 ||| FLEEEEING.
  6189 | D:8      | 6189 ||| STAIRDANCE
  6227 | D:7      | 6227 ||| DRINKING 2 yellow potions.
  6370 | D:8      | 6370 ||| Stepping ~*~*~tactically~*~*~ (stealth).
  6371 | D:8      | 6371 ||| Stepping ~*~*~tactically~*~*~ (stealth).
  6380 | D:8      | 6380 ||| INVOKING Heroism.
  6405 | D:8      | Reached ** piety under Okawaru
  6455 | D:8      | 6455 ||| Stepping ~*~*~tactically~*~*~ (hiding).
  6456 | D:8      | 6456 ||| Stepping ~*~*~tactically~*~*~ (hiding).
  6777 | D:8      | Found a stormy altar of Qazlal.
  6846 | D:8      | 6846 ||| Stepping ~*~*~tactically~*~*~ (stealth).
  6848 | D:8      | 6848 ||| Stepping ~*~*~tactically~*~*~ (stealth).
  7066 | D:8      | 7066 ||| Stepping ~*~*~tactically~*~*~ (hiding).
  7068 | D:8      | 7068 ||| INVOKING Heroism.
  7074 | D:8      | 7074 ||| Stepping ~*~*~tactically~*~*~ (cloud).
  7305 | D:8      | Found the +2 pair of slick slippers {slick, slippery, EV+4}
  7472 | D:8      | 7472 ||| UPGRADING to +0 pair of boots.
  7477 | D:8      | 7477 ||| UPGRADING to +2 pair of slick slippers {slick,
                  | slippery, EV+4}.
  7487 | D:8      | 7487 ||| DROPPING +0 pair of boots.
  7488 | D:8      | 7488 ||| READING scroll labelled BEESYAC YSHREJU.
  7489 | D:8      | 7489 ||| READING 3 scrolls of identify.
  7489 | D:8      | 7489 ||| IDENTIFYING lumpy puce potion
  7522 | D:9      | 7522 ||| Stepping ~*~*~tactically~*~*~ (stealth).
  7540 | D:9      | 7540 ||| INVOKING Heroism.
  7577 | D:9      | 7577 ||| Stepping ~*~*~tactically~*~*~ (stealth).
  7595 | D:9      | 7595 ||| Stepping ~*~*~tactically~*~*~ (stealth).
  7599 | D:9      | 7599 ||| Stepping ~*~*~tactically~*~*~ (hiding).
  7616 | D:9      | 7616 ||| Stepping ~*~*~tactically~*~*~ (stealth).
  7617 | D:9      | 7617 ||| Stepping ~*~*~tactically~*~*~ (stealth).
  7628 | D:9      | 7628 ||| Stepping ~*~*~tactically~*~*~ (stealth).
  7655 | D:9      | 7655 ||| Stepping ~*~*~tactically~*~*~ (stealth).
  7657 | D:9      | 7657 ||| Stepping ~*~*~tactically~*~*~ (stealth).
  7662 | D:9      | 7662 ||| FLEEEEING.
  7663 | D:9      | 7663 ||| FLEEEEING.
  7667 | D:9      | 7667 ||| FLEEEEING.
  7668 | D:9      | 7668 ||| FLEEEEING.
  7669 | D:9      | 7669 ||| FLEEEEING.
  7670 | D:9      | 7670 ||| FLEEEEING.
  7671 | D:9      | 7671 ||| FLEEEEING.
  7782 | D:9      | 7782 ||| INVOKING Heroism.
  7840 | D:9      | 7840 ||| FLEEEEING.
  7857 | D:9      | 7857 ||| FLEEEEING.
  7858 | D:9      | 7858 ||| FLEEEEING.
  7859 | D:9      | 7859 ||| FLEEEEING.
  7894 | D:9      | Found Sex Nyck's Jewellery Emporium.
  7899 | D:9      | 7899 ||| INVOKING Heroism.
  7919 | D:9      | Found Ybuhaimer's Antique Weapon Shop.
  7923 | D:9      | 7923 ||| SHOPLISTING amulet "Revu" {Faith Fly} (540 gold,
                  | have 505).
  7923 | D:9      | 7923 ||| BUYING amulet of faith (440 gold).
  7923 | D:9      | Bought an amulet of faith for 440 gold pieces
  7923 | D:9      | 7923 ||| SHOPLISTING amulet of regeneration (330 gold, have
                  | 65).
  7923 | D:9      | 7923 ||| SHOPLISTING ring "Murph" {rN+++ rCorr Int-3 SInv
                  | Stlth+} (496 gold, have 65).
  7923 | D:9      | 7923 ||| SHOPLISTING ring of Exhibitionism {Will+ Str+3
                  | Dex+3 Slay+3} (629 gold, have 65).
  7923 | D:9      | 7923 ||| SHOPLISTING ring of fire (275 gold, have 65).
  7947 | D:9      | 7947 ||| Stepping ~*~*~tactically~*~*~ (stealth).
  7949 | D:9      | 7949 ||| Stepping ~*~*~tactically~*~*~ (hiding).
  7950 | D:9      | 7950 ||| Stepping ~*~*~tactically~*~*~ (hiding).
  7953 | D:9      | 7953 ||| Stepping ~*~*~tactically~*~*~ (hiding).
  7954 | D:9      | 7954 ||| Stepping ~*~*~tactically~*~*~ (hiding).
  7955 | D:9      | 7955 ||| Stepping ~*~*~tactically~*~*~ (hiding).
  7963 | D:9      | Reached skill level 11 in Axes
  8014 | D:9      | 8014 ||| FLEEEEING.
  8015 | D:9      | 8015 ||| FLEEEEING.
  8016 | D:9      | 8016 ||| FLEEEEING.
  8017 | D:9      | 8017 ||| FLEEEEING.
  8018 | D:9      | 8018 ||| FLEEEEING.
  8019 | D:9      | 8019 ||| FLEEEEING.
  8020 | D:9      | 8020 ||| FLEEEEING.
  8021 | D:9      | 8021 ||| FLEEEEING.
  8022 | D:9      | 8022 ||| FLEEEEING.
  8023 | D:9      | 8023 ||| FLEEEEING.
  8024 | D:9      | 8024 ||| FLEEEEING.
  8025 | D:9      | 8025 ||| FLEEEEING.
  8026 | D:9      | 8026 ||| FLEEEEING.
  8027 | D:9      | 8027 ||| FLEEEEING.
  8028 | D:9      | 8028 ||| Stepping ~*~*~tactically~*~*~ (hiding).
  8029 | D:9      | 8029 ||| Stepping ~*~*~tactically~*~*~ (hiding).
  8146 | D:9      | Found Tuup's Book Shop.
  8166 | D:9      | 8166 ||| Stepping ~*~*~tactically~*~*~ (hiding).
  8269 | D:9      | 8269 ||| Stepping ~*~*~tactically~*~*~ (stealth).
  8272 | D:9      | 8272 ||| Stepping ~*~*~tactically~*~*~ (hiding).
  8273 | D:9      | 8273 ||| Stepping ~*~*~tactically~*~*~ (hiding).
  8281 | D:9      | 8281 ||| Stepping ~*~*~tactically~*~*~ (hiding).
  8282 | D:9      | 8282 ||| Stepping ~*~*~tactically~*~*~ (hiding).
  8283 | D:9      | 8283 ||| Stepping ~*~*~tactically~*~*~ (hiding).
  8716 | D:9      | Found Jurhugock's Book Emporium.
  8756 | D:9      | Reached skill level 6 in Armour
  8801 | D:9      | Found Kykaepli's Weapon Shop.
  8805 | D:9      | 8805 ||| UPGRADING to +0 plate armour.
  8815 | D:9      | 8815 ||| DROPPING +0 chain mail.
  8816 | D:9      | 8816 ||| UPGRADING to amulet of faith.
  8859 | D:10     | Entered Level 10 of the Dungeon
  8869 | D:10     | 8869 ||| INVOKING Heroism.
  8944 | D:10     | Found Serit's Armour Emporium.
  8953 | D:10     | 8953 ||| SHOPLISTING +0 plate armour of fire resistance
                  | (420 gold, have 114).
  8953 | D:10     | 8953 ||| SHOPLISTING +1 pair of boots of flying (231 gold,
                  | have 114).
  8994 | D:10     | 8994 ||| INVOKING Heroism.
  8999 | D:10     | Reached skill level 9 in Fighting
  9000 | D:10     | Reached XP level 11. HP: 35/71 MP: 11/14
  9123 | D:10     | 9123 ||| INVOKING Heroism.
  9239 | D:10     | Identified the ring of Dakhlakhlu {Will+ AC+4 SInv}
  9277 | D:10     | Reached *** piety under Okawaru
  9405 | D:10     | 9405 ||| Stepping ~*~*~tactically~*~*~ (stealth).
  9411 | D:10     | 9411 ||| Stepping ~*~*~tactically~*~*~ (hiding).
  9486 | D:10     | Reached **** piety under Okawaru
  9512 | D:10     | Found a broken altar of Ashenzari.
  9579 | D:10     | 9579 ||| Stepping ~*~*~tactically~*~*~ (hiding).
  9587 | D:10     | Noticed Josephine
  9603 | D:10     | Killed Josephine
  9604 | D:10     | Reached skill level 12 in Axes
  9604 | D:10     | 9604 ||| FLEEEEING.
  9605 | D:10     | Noticed a skeletal warrior
  9605 | D:10     | 9605 ||| FLEEEEING.
  9606 | D:10     | 9606 ||| FLEEEEING.
  9607 | D:10     | 9607 ||| FLEEEEING.
  9608 | D:10     | 9608 ||| FLEEEEING.
  9609 | D:10     | 9609 ||| FLEEEEING.
  9610 | D:10     | 9610 ||| FLEEEEING.
  9611 | D:10     | 9611 ||| FLEEEEING.
  9612 | D:10     | 9612 ||| FLEEEEING.
  9613 | D:10     | 9613 ||| FLEEEEING.
  9614 | D:10     | 9614 ||| FLEEEEING.
  9615 | D:10     | 9615 ||| FLEEEEING.
  9616 | D:10     | 9616 ||| STAIRDANCE
  9682 | D:9      | 9682 ||| UPGRADING to ring of Dakhlakhlu {Will+ AC+4 SInv}.
  9684 | D:9      | 9684 ||| UPGRADING to +5 ring of evasion.
  9686 | D:9      | 9686 ||| DROPPING +4 ring of protection.
  9696 | D:10     | Received a gift from Okawaru
  9697 | D:10     | 9697 ||| INVOKING Heroism.
  9716 | D:10     | Reached ***** piety under Okawaru
  9717 | D:10     | Reached skill level 6 in Invocations
  9746 | D:10     | 9746 ||| FLEEEEING.
  9747 | D:10     | 9747 ||| STAIRDANCE
  9831 | D:10     | 9831 ||| INVOKING Heroism.
  9845 | D:10     | Noticed a deep elf pyromancer
  9846 | D:10     | 9846 ||| Stepping ~*~*~tactically~*~*~ (stealth).
  9853 | D:10     | Killed a deep elf pyromancer
  9888 | D:10     | Reached skill level 6 in Shields
  9902 | D:10     | 9902 ||| Stepping ~*~*~tactically~*~*~ (hiding).
  9904 | D:10     | 9904 ||| Stepping ~*~*~tactically~*~*~ (hiding).
  9905 | D:10     | 9905 ||| Stepping ~*~*~tactically~*~*~ (stealth).
 10018 | D:10     | 10018 ||| INVOKING Heroism.
 10034 | D:10     | Killed a skeletal warrior
 10034 | D:10     | Received a gift from Okawaru
 10087 | D:10     | 10087 ||| Stepping ~*~*~tactically~*~*~ (stealth).
 10099 | D:10     | 10099 ||| Stepping ~*~*~tactically~*~*~ (water).
 10114 | D:10     | Noticed a centaur warrior
 10115 | D:10     | 10115 ||| Stepping ~*~*~tactically~*~*~ (stealth).
 10116 | D:10     | 10116 ||| Stepping ~*~*~tactically~*~*~ (stealth).
 10118 | D:10     | 10118 ||| Stepping ~*~*~tactically~*~*~ (stealth).
 10119 | D:10     | 10119 ||| Stepping ~*~*~tactically~*~*~ (stealth).
 10155 | D:10     | Identified the +1 broad axe of Juemewut {spect, *Corrode
                  | rN+ Int+2 Dex+2} (Okawaru gifted it to you on level 10 of
                  | the Dungeon)
 10155 | D:10     | Received a gift from Okawaru
 10156 | D:10     | Reached XP level 12. HP: 72/76 MP: 17/17
 10168 | D:10     | 10168 ||| SWAPPING to +1 broad axe of Juemewut {spect,
                  | *Corrode rN+ Int+2 Dex+2}.
 10169 | D:10     | 10169 ||| DROPPING +0 spectral war axe.
 10205 | D:10     | Reached skill level 9 in Armour
 10298 | D:10     | 10298 ||| Stepping ~*~*~tactically~*~*~ (stealth).
 10299 | D:10     | 10299 ||| Stepping ~*~*~tactically~*~*~ (stealth).
 10303 | D:10     | 10303 ||| Stepping ~*~*~tactically~*~*~ (water).
 10360 | D:10     | Found a hazy altar of Hepliaklqana.
 10365 | D:10     | Found an ornate altar of the Wu Jian Council.
 10366 | D:10     | 10366 ||| Stepping ~*~*~tactically~*~*~ (stealth).
 10375 | D:10     | Found a basalt altar of Yredelemnul.
 10380 | D:10     | Found a sparkling altar of Nemelex Xobeh.
 10384 | D:10     | Found a snail-covered altar of Cheibriados.
 10389 | D:10     | Found a glowing silver altar of Zin.
 10389 | D:10     | Noticed a two-headed ogre
 10395 | D:10     | Killed a two-headed ogre
 10430 | D:10     | Received a gift from Okawaru
 10482 | D:10     | 10482 ||| Stepping ~*~*~tactically~*~*~ (hiding).
 10489 | D:10     | Killed a centaur warrior
 10593 | D:10     | 10593 ||| Stepping ~*~*~tactically~*~*~ (hiding).
 10594 | D:10     | 10594 ||| Stepping ~*~*~tactically~*~*~ (hiding).
 10595 | D:10     | 10595 ||| Stepping ~*~*~tactically~*~*~ (hiding).
 10733 | D:10     | 10733 ||| DROPPING scarf of shadows.
 10734 | D:10     | 10734 ||| READING scroll labelled ENTOEPN LERPHUH.
 10801 | D:11     | 10801 ||| INVOKING Heroism.
 10810 | D:11     | Reached skill level 9 in Invocations
 10873 | D:11     | 10873 ||| Stepping ~*~*~tactically~*~*~ (stealth).
 10986 | D:11     | Noticed a death yak
 10986 | D:11     | Noticed a death yak
 10987 | D:11     | 10987 ||| INVOKING Heroism.
 10988 | D:11     | 10988 ||| INVOKING Finesse.
 10990 | D:11     | Noticed a death yak
 10991 | D:11     | 10991 ||| Stepping ~*~*~tactically~*~*~ (stealth).
 10999 | D:11     | Killed a death yak
 11003 | D:11     | Killed a death yak
 11009 | D:11     | Killed a death yak
 11058 | D:11     | Found a staircase to the Lair.
 11123 | D:11     | Noticed a centaur warrior
 11128 | D:11     | Killed a centaur warrior
 11476 | D:11     | 11476 ||| Stepping ~*~*~tactically~*~*~ (hiding).
 11481 | D:11     | Reached skill level 3 in Throwing
 11569 | D:11     | Noticed Erica
 11570 | D:11     | 11570 ||| INVOKING Heroism.
 11571 | D:11     | 11571 ||| INVOKING Finesse.
 11579 | D:11     | Killed Erica
 11700 | D:11     | 11700 ||| PLANNING LAIR
 11723 | Lair:1   | Entered Level 1 of the Lair of Beasts
 11745 | Lair:1   | Reached skill level 13 in Axes
 11793 | Lair:1   | Noticed qw's ghost (journeyman NaHu)
 11795 | Lair:1   | 11795 ||| INVOKING Heroism.
 11805 | Lair:1   | 11805 ||| Stepping ~*~*~tactically~*~*~ (stealth).
 11806 | Lair:1   | 11806 ||| Stepping ~*~*~tactically~*~*~ (stealth).
 11808 | Lair:1   | Found a transporter.
 11814 | Lair:1   | Noticed a death yak
 11820 | Lair:1   | Noticed a death yak
 11862 | Lair:1   | Noticed a six-headed hydra
 11881 | Lair:1   | Found a transporter.
 11894 | Lair:1   | 11894 ||| Stepping ~*~*~tactically~*~*~ (hiding).
 12020 | Lair:1   | Received a gift from Okawaru
 12051 | Lair:1   | 12051 ||| INVOKING Heroism.
 12075 | Lair:1   | Reached XP level 13. HP: 82/82 MP: 20/20
 12134 | Lair:1   | 12134 ||| INVOKING Heroism.
 12141 | Lair:1   | 12141 ||| Stepping ~*~*~tactically~*~*~ (stealth).
 12142 | Lair:1   | 12142 ||| Stepping ~*~*~tactically~*~*~ (stealth).
 12497 | Lair:1   | 12497 ||| DROPPING ring of magical power.
 12544 | Lair:2   | 12544 ||| Stepping ~*~*~tactically~*~*~ (stealth).
 12554 | Lair:2   | Received a gift from Okawaru
 12562 | Lair:2   | 12562 ||| INVOKING Heroism.
 12565 | Lair:2   | 12565 ||| SWAPPING to +1 hand axe of flaming.
 12576 | Lair:2   | 12576 ||| SWAPPING to +1 broad axe of Juemewut {spect,
                  | *Corrode rN+ Int+2 Dex+2}.
 12591 | Lair:2   | 12591 ||| Stepping ~*~*~tactically~*~*~ (cloud).
 12593 | Lair:2   | 12593 ||| Stepping ~*~*~tactically~*~*~ (hiding).
 12594 | Lair:2   | 12594 ||| Stepping ~*~*~tactically~*~*~ (hiding).
 12597 | Lair:2   | 12597 ||| INVOKING Heroism.
 12672 | Lair:2   | 12672 ||| INVOKING Heroism.
 12708 | Lair:2   | 12708 ||| Stepping ~*~*~tactically~*~*~ (hiding).
 12714 | Lair:2   | Identified the +1 spear of Insomnia {distort, rN+} (Okawaru
                  | gifted it to you on level 2 of the Lair of Beasts)
 12714 | Lair:2   | Received a gift from Okawaru
 12765 | Lair:2   | 12765 ||| INVOKING Heroism.
 12766 | Lair:2   | 12766 ||| INVOKING Finesse.
 12790 | Lair:2   | 12790 ||| Stepping ~*~*~tactically~*~*~ (stealth).
 12792 | Lair:2   | 12792 ||| Stepping ~*~*~tactically~*~*~ (stealth).
 12793 | Lair:2   | 12793 ||| Stepping ~*~*~tactically~*~*~ (stealth).
 12794 | Lair:2   | 12794 ||| Stepping ~*~*~tactically~*~*~ (stealth).
 12795 | Lair:2   | 12795 ||| Stepping ~*~*~tactically~*~*~ (stealth).
 12801 | Lair:2   | 12801 ||| Stepping ~*~*~tactically~*~*~ (stealth).
 12802 | Lair:2   | 12802 ||| Stepping ~*~*~tactically~*~*~ (stealth).
 12804 | Lair:2   | 12804 ||| Stepping ~*~*~tactically~*~*~ (stealth).
 12805 | Lair:2   | 12805 ||| Stepping ~*~*~tactically~*~*~ (stealth).
 12806 | Lair:2   | 12806 ||| Stepping ~*~*~tactically~*~*~ (stealth).
 12807 | Lair:2   | 12807 ||| Stepping ~*~*~tactically~*~*~ (stealth).
 12808 | Lair:2   | 12808 ||| INVOKING Heroism.
 12818 | Lair:2   | Reached skill level 14 in Axes
 12837 | Lair:2   | 12837 ||| Stepping ~*~*~tactically~*~*~ (stealth).
 12838 | Lair:2   | 12838 ||| Stepping ~*~*~tactically~*~*~ (stealth).
 12854 | Lair:2   | HP: 18/82 [death yak (7)]
 12855 | Lair:2   | 12855 ||| READING 5 scrolls of teleportation.
 12856 | Lair:2   | 12856 ||| DRINKING 4 potions of heal wounds.
 12997 | Lair:2   | 12997 ||| Stepping ~*~*~tactically~*~*~ (stealth).
 12998 | Lair:2   | 12998 ||| Stepping ~*~*~tactically~*~*~ (stealth).
 12999 | Lair:2   | 12999 ||| INVOKING Heroism.
 13170 | Lair:2   | 13170 ||| Stepping ~*~*~tactically~*~*~ (stealth).
 13291 | Lair:2   | 13291 ||| READING scroll labelled BUONTIKHL MALL.
 13317 | Lair:3   | Found a hole to the Spider Nest.
 13322 | Lair:3   | Noticed Rupert
 13323 | Lair:3   | 13323 ||| INVOKING Heroism.
 13339 | Lair:3   | Killed Rupert
 13386 | Lair:3   | 13386 ||| INVOKING Heroism.
 13511 | Lair:3   | 13511 ||| Stepping ~*~*~tactically~*~*~ (stealth).
 13523 | Lair:3   | Received a gift from Okawaru
 13551 | Lair:3   | 13551 ||| FLEEEEING.
 13552 | Lair:3   | 13552 ||| FLEEEEING.
 13553 | Lair:3   | 13553 ||| FLEEEEING.
 13554 | Lair:3   | 13554 ||| INVOKING Heroism.
 13555 | Lair:3   | 13555 ||| INVOKING Finesse.
 13557 | Lair:3   | 13557 ||| SWAPPING to +1 hand axe of flaming.
 13565 | Lair:3   | 13565 ||| SWAPPING to +1 broad axe of Juemewut {spect,
                  | *Corrode rN+ Int+2 Dex+2}.
 13696 | Lair:3   | Reached skill level 3 in Dodging
 13868 | Lair:3   | Found a staircase to the Swamp.
 13909 | Lair:3   | 13909 ||| Stepping ~*~*~tactically~*~*~ (stealth).
 14020 | Lair:3   | 14020 ||| Stepping ~*~*~tactically~*~*~ (stealth).
 14025 | Lair:3   | 14025 ||| Stepping ~*~*~tactically~*~*~ (stealth).
 14089 | Lair:3   | Gained mutation: Your large and strong wings let you fly.
                  | [Gargoyle growth]
 14089 | Lair:3   | Reached XP level 14. HP: 90/90 MP: 21/21
 14220 | Lair:3   | Identified the +1 ring mail "Xozy" {Str+4} (Okawaru gifted
                  | it to you on level 3 of the Lair of Beasts)
 14220 | Lair:3   | Received a gift from Okawaru
 14477 | Lair:4   | Found a staircase to the Slime Pits.
 14506 | Lair:4   | 14506 ||| Stepping ~*~*~tactically~*~*~ (stealth).
 14842 | Lair:4   | 14842 ||| Stepping ~*~*~tactically~*~*~ (stealth).
 14843 | Lair:4   | 14843 ||| Stepping ~*~*~tactically~*~*~ (stealth).
 14844 | Lair:4   | 14844 ||| Stepping ~*~*~tactically~*~*~ (stealth).
 14848 | Lair:4   | 14848 ||| Stepping ~*~*~tactically~*~*~ (stealth).
 14855 | Lair:4   | Reached skill level 15 in Axes
 15462 | Lair:4   | 15462 ||| READING 2 scrolls labelled XUOFUCV KEOBOBISU.
 15463 | Lair:4   | 15463 ||| DROPPING scroll of blinking.
 15492 | Lair:5   | Entered Level 5 of the Lair of Beasts
 15493 | Lair:5   | 15493 ||| INVOKING Heroism.
 15494 | Lair:5   | 15494 ||| SWAPPING to +1 hand axe of flaming.
 15504 | Lair:5   | 15504 ||| SWAPPING to +1 broad axe of Juemewut {spect,
                  | *Corrode rN+ Int+2 Dex+2}.
 15515 | Lair:5   | 15515 ||| Stepping ~*~*~tactically~*~*~ (stealth).
 15597 | Lair:5   | 15597 ||| Stepping ~*~*~tactically~*~*~ (stealth).
 15598 | Lair:5   | 15598 ||| Stepping ~*~*~tactically~*~*~ (stealth).
 15659 | Lair:5   | 15659 ||| INVOKING Heroism.
 15660 | Lair:5   | 15660 ||| INVOKING Finesse.
 15663 | Lair:5   | 15663 ||| SWAPPING to +1 hand axe of flaming.
 15671 | Lair:5   | Reached skill level 12 in Fighting
 15671 | Lair:5   | 15671 ||| SWAPPING to +1 broad axe of Juemewut {spect,
                  | *Corrode rN+ Int+2 Dex+2}.
 16059 | Lair:5   | 16059 ||| INVOKING Heroism.
 16060 | Lair:5   | 16060 ||| INVOKING Finesse.
 16082 | Lair:5   | Identified the +5 scimitar of Courage {protect, rC- rN+
                  | Int+3 Dex+2} (Okawaru gifted it to you on level 5 of the
                  | Lair of Beasts)
 16082 | Lair:5   | Received a gift from Okawaru
 16094 | Lair:5   | 16094 ||| Stepping ~*~*~tactically~*~*~ (stealth).
 16132 | Lair:5   | 16132 ||| Stepping ~*~*~tactically~*~*~ (stealth).
 16133 | Lair:5   | 16133 ||| Stepping ~*~*~tactically~*~*~ (stealth).
 16135 | Lair:5   | 16135 ||| Stepping ~*~*~tactically~*~*~ (stealth).
 16136 | Lair:5   | 16136 ||| Stepping ~*~*~tactically~*~*~ (stealth).
 16137 | Lair:5   | 16137 ||| Stepping ~*~*~tactically~*~*~ (stealth).
 16138 | Lair:5   | 16138 ||| Stepping ~*~*~tactically~*~*~ (stealth).
 16166 | Lair:5   | 16166 ||| INVOKING Heroism.
 16193 | Lair:5   | 16193 ||| Stepping ~*~*~tactically~*~*~ (stealth).
 16290 | Lair:5   | 16290 ||| INVOKING Heroism.
 16291 | Lair:5   | 16291 ||| INVOKING Finesse.
 16292 | Lair:5   | 16292 ||| SWAPPING to +1 hand axe of flaming.
 16307 | Lair:5   | 16307 ||| SWAPPING to +1 broad axe of Juemewut {spect,
                  | *Corrode rN+ Int+2 Dex+2}.
 16315 | Lair:5   | Reached skill level 16 in Axes
 16396 | Lair:5   | 16396 ||| Stepping ~*~*~tactically~*~*~ (stealth).
 16422 | Lair:5   | Identified the +0 troll leather armour of Virtue {Will-
                  | Regen+ rCorr Dex+4} (Okawaru gifted it to you on level 5 of
                  | the Lair of Beasts)
 16422 | Lair:5   | Received a gift from Okawaru
 16507 | Lair:5   | 16507 ||| INVOKING Heroism.
 16539 | Lair:5   | 16539 ||| Stepping ~*~*~tactically~*~*~ (stealth).
 16880 | Lair:5   | 16880 ||| Stepping ~*~*~tactically~*~*~ (stealth).
 16922 | Lair:5   | 16922 ||| PLANNING D
 16922 | Lair:5   | 16922 ||| UPGRADING to +0 pair of gloves.
 16927 | Lair:5   | 16927 ||| READING 11 scrolls of identify.
 16927 | Lair:5   | 16927 ||| IDENTIFYING red potion
 16928 | Lair:5   | 16928 ||| DROPPING potion of degeneration.
 17082 | D:12     | 17082 ||| Stepping ~*~*~tactically~*~*~ (stealth).
 17178 | D:12     | Reached XP level 15. HP: 68/96 MP: 22/22
 17318 | D:12     | 17318 ||| Stepping ~*~*~tactically~*~*~ (stealth).
 17336 | D:12     | 17336 ||| Stepping ~*~*~tactically~*~*~ (stealth).
 17337 | D:12     | 17337 ||| Stepping ~*~*~tactically~*~*~ (stealth).
 17411 | D:12     | 17411 ||| Stepping ~*~*~tactically~*~*~ (stealth).
 17425 | D:12     | 17425 ||| Stepping ~*~*~tactically~*~*~ (stealth).
 17460 | D:12     | Found a staircase to the Orcish Mines.
 17929 | D:12     | 17929 ||| Stepping ~*~*~tactically~*~*~ (stealth).
 18024 | D:13     | 18024 ||| INVOKING Heroism.
 18025 | D:13     | 18025 ||| INVOKING Finesse.
 18028 | D:13     | 18028 ||| SWAPPING to +1 hand axe of flaming.
 18038 | D:13     | Reached skill level 12 in Armour
 18038 | D:13     | 18038 ||| SWAPPING to +1 broad axe of Juemewut {spect,
                  | *Corrode rN+ Int+2 Dex+2}.
 18149 | D:13     | 18149 ||| Stepping ~*~*~tactically~*~*~ (stealth).
 18151 | D:13     | 18151 ||| INVOKING Heroism.
 18307 | D:13     | Received a gift from Okawaru
 18401 | D:13     | Found Reutaniy's Jewellery Shoppe.
 18418 | D:13     | 18418 ||| SHOPLISTING brooch of Shielding {Spirit SH+8}
                  | (975 gold, have 969).
 18418 | D:13     | 18418 ||| BUYING ring of fire (375 gold).
 18418 | D:13     | Bought a ring of fire for 375 gold pieces
 18445 | D:13     | 18445 ||| Stepping ~*~*~tactically~*~*~ (stealth).
 18462 | D:13     | 18462 ||| INVOKING Heroism.
 18477 | D:13     | 18477 ||| Stepping ~*~*~tactically~*~*~ (stealth).
 18636 | D:13     | Found a gate to the Vaults.
 18644 | D:13     | 18644 ||| Stepping ~*~*~tactically~*~*~ (stealth).
 18846 | D:13     | 18846 ||| Stepping ~*~*~tactically~*~*~ (hiding).
 18847 | D:13     | 18847 ||| Stepping ~*~*~tactically~*~*~ (hiding).
 19015 | D:13     | Reached skill level 17 in Axes
 19289 | D:13     | 19289 ||| UPGRADING to +0 kite shield.
 19299 | D:13     | 19299 ||| DROPPING +0 buckler.
 19300 | D:13     | 19300 ||| READING 11 scrolls of identify.
 19300 | D:13     | 19300 ||| IDENTIFYING green potion
 19395 | D:14     | 19395 ||| INVOKING Heroism.
 19518 | D:14     | 19518 ||| Stepping ~*~*~tactically~*~*~ (stealth).
 19613 | D:14     | 19613 ||| INVOKING Heroism.
 19617 | D:14     | 19617 ||| Stepping ~*~*~tactically~*~*~ (hiding).
 19618 | D:14     | HP: 16/96 [meliai/divine providence (15)]
 19619 | D:14     | 19619 ||| READING 11 scrolls of teleportation.
 19620 | D:14     | 19620 ||| DRINKING 4 potions of heal wounds.
 19621 | D:14     | 19621 ||| DRINKING 3 potions of heal wounds.
 19855 | D:14     | 19855 ||| INVOKING Heroism.
 19868 | D:14     | Reached skill level 9 in Shields
 20658 | D:14     | 20658 ||| Stepping ~*~*~tactically~*~*~ (stealth).
 20668 | D:14     | 20668 ||| INVOKING Heroism.
 20815 | D:14     | 20815 ||| INVOKING Heroism.
 20828 | D:14     | 20828 ||| Stepping ~*~*~tactically~*~*~ (hiding).
 20858 | D:14     | 20858 ||| INVOKING Finesse.
 20864 | D:14     | 20864 ||| Stepping ~*~*~tactically~*~*~ (hiding).
 20873 | D:14     | Noticed a tengu reaver
 20875 | D:14     | Reached skill level 12 in Shields
 20878 | D:14     | Received a gift from Okawaru
 20879 | D:14     | Reached XP level 16. HP: 57/101 MP: 19/23
 20883 | D:14     | Killed a tengu reaver
 20885 | D:14     | 20885 ||| Stepping ~*~*~tactically~*~*~ (hiding).
 20890 | D:14     | HP: 16/101 [deep elf knight/lance of force (21)]
 20890 | D:14     | HP: 6/101 [stone wall collision (10)]
 20891 | D:14     | 20891 ||| READING 10 scrolls of teleportation.
 20892 | D:14     | 20892 ||| DRINKING 2 potions of heal wounds.
 20893 | D:14     | 20893 ||| DRINKING potion of heal wounds.
 20894 | D:14     | 20894 ||| INVOKING Heroism.
 21150 | D:14     | 21150 ||| Stepping ~*~*~tactically~*~*~ (hiding).
 21153 | D:14     | 21153 ||| Stepping ~*~*~tactically~*~*~ (hiding).
 21154 | D:14     | 21154 ||| Stepping ~*~*~tactically~*~*~ (hiding).
 21169 | D:14     | 21169 ||| Stepping ~*~*~tactically~*~*~ (stealth).
 21226 | D:14     | 21226 ||| Stepping ~*~*~tactically~*~*~ (stealth).
 21301 | D:14     | 21301 ||| INVOKING Heroism.
 21302 | D:14     | 21302 ||| INVOKING Finesse.
 21305 | D:14     | 21305 ||| SWAPPING to +1 hand axe of flaming.
 21315 | D:14     | 21315 ||| SWAPPING to +1 broad axe of Juemewut {spect,
                  | *Corrode rN+ Int+2 Dex+2}.
 21582 | D:14     | 21582 ||| DROPPING ring of fire.
 21593 | D:15     | Entered Level 15 of the Dungeon
 21605 | D:15     | 21605 ||| Stepping ~*~*~tactically~*~*~ (hiding).
 21614 | D:15     | Received a gift from Okawaru
 21630 | D:15     | 21630 ||| SWAPPING to +1 vampiric broad axe.
 21631 | D:15     | 21631 ||| DROPPING +6 war axe of freezing.
 21664 | D:15     | 21664 ||| INVOKING Heroism.
 21727 | D:15     | 21727 ||| Stepping ~*~*~tactically~*~*~ (stealth).
 21728 | D:15     | 21728 ||| INVOKING Heroism.
 21764 | D:15     | 21764 ||| INVOKING Heroism.
 21788 | D:15     | 21788 ||| FLEEEEING.
 22078 | D:15     | Noticed Agnes
 22079 | D:15     | 22079 ||| INVOKING Heroism.
 22080 | D:15     | 22080 ||| INVOKING Finesse.
 22104 | D:15     | Killed Agnes
 22170 | D:15     | 22170 ||| INVOKING Heroism.
 22211 | D:15     | Found a staircase to the Depths.
 22217 | D:15     | 22217 ||| Stepping ~*~*~tactically~*~*~ (hiding).
 22285 | D:15     | Noticed Nessos
 22286 | D:15     | 22286 ||| Stepping ~*~*~tactically~*~*~ (hiding).
 22289 | D:15     | 22289 ||| INVOKING Heroism.
 22311 | D:15     | Killed Nessos
 22340 | D:15     | 22340 ||| Stepping ~*~*~tactically~*~*~ (stealth).
 22436 | D:15     | 22436 ||| PLANNING ORC
 22436 | D:15     | 22436 ||| READING scroll labelled MOSTRU UXOG.
 22626 | Orc:1    | Entered Level 1 of the Orcish Mines
 22628 | Orc:1    | 22628 ||| Stepping ~*~*~tactically~*~*~ (stealth).
 22693 | Orc:1    | Found a dark tunnel.
 22890 | Orc:2    | Entered Level 2 of the Orcish Mines
 22996 | Orc:1    | 22996 ||| INVOKING Heroism.
 23083 | Orc:2    | 23083 ||| Stepping ~*~*~tactically~*~*~ (hiding).
 23084 | Orc:2    | 23084 ||| Stepping ~*~*~tactically~*~*~ (hiding).
 23097 | Orc:2    | 23097 ||| Stepping ~*~*~tactically~*~*~ (hiding).
 23098 | Orc:2    | 23098 ||| Stepping ~*~*~tactically~*~*~ (hiding).
 23114 | Orc:2    | 23114 ||| INVOKING Heroism.
 23155 | Orc:2    | Noticed Erolcha
 23156 | Orc:2    | 23156 ||| Stepping ~*~*~tactically~*~*~ (hiding).
 23174 | Orc:2    | 23174 ||| Stepping ~*~*~tactically~*~*~ (hiding).
 23193 | Orc:2    | Found a frozen archway.
 23240 | Orc:2    | 23240 ||| INVOKING Heroism.
 23267 | Orc:2    | 23267 ||| Stepping ~*~*~tactically~*~*~ (hiding).
 23296 | Orc:2    | Found a staircase to the Elven Halls.
 23300 | Orc:2    | Noticed Azrael
 23301 | Orc:2    | 23301 ||| INVOKING Heroism.
 23318 | Orc:2    | HP: 9/104 [Azrael/damnation (20)]
 23319 | Orc:2    | 23319 ||| READING 10 scrolls of teleportation.
 23319 | Orc:2    | Killed from afar by Azrael

Levels and vault maps discovered:
D:1:      dpeg_arrival_water_temple_mockup, layout_basic, minmay_door_square
D:2:      layout_loops_ring, minmay_cupped, uniq_robin
D:3:      layout_loops_ring, mainiacjoe_overflow_alcove_1, roderic_batcave,
          uniq_sigmund, uniq_ijyb
D:4:      layout_basic, ebering_dispersal_statue_hall
D:5:      layout_basic, kennysheep_orc_sif_temple, serial_shops,
          nicolae_inconvenience_store, nicolae_figureground_sparkle
D:6:      layout_basic
D:7:      layout_loops_ring, chequers_temple_overflow_statue_of_worship,
          temple_hall, minmay_misc_feat_secret_circle, minmay_starry_boxes
D:8:      layout_layer_cave, general_overflow_altar, grunt_tough_drop,
          uniq_joseph
D:9:      layout_stronghold, serial_shops, shop, shop, shop,
          nicolae_shop_pleasant_corner_grove, kennysheep_mini_moat
D:10:     cheibrodos_ideogram_h, layout_basic,
          nicolae_overflow_hallway_of_the_gods,
          mainiacjoe_overflow_surrounded_room, serial_shops, shop,
          serial_undead, serial_undead_f, serial_undead_d, serial_undead_b,
          serial_undead_b, serial_undead_e, serial_undead_b, serial_undead_a,
          uniq_josephine
D:11:     layout_long_grid, dpeg_lair_monsters, uniq_erica
D:12:     layout_basic, orc_0_dummy
D:13:     layout_irregular_city, erik_vaults_2, serial_shops, shop
D:14:     lemuel_traditional_vault, layout_basic, nicolae_hexahallways
D:15:     gammafunk_depths_entry_grave, layout_rooms, minmay_fountain_box,
          hangedman_glass_teeth, uniq_nessos, uniq_agnes
Temple:   compressed_dpeg_circular_temple
Lair:1:   layout_roguey, nzn_ghost_randoct
Lair:2:   layout_misc_corridors
Lair:3:   layout_gridlike, swamp_mist, hellmonk_spider_entry_not_the_bees,
          uniq_rupert
Lair:4:   layout_layer_cave, minmay_slime_entry_pillars
Lair:5:   hangedman_lair_tendril_chambers, layout_cave_pods, minivault_27
Orc:1:    layout_diamond_mine, nicolae_volcano_entry_hallway
Orc:2:    st_orc_elflike, layout_caves, portal_ice_cave_entry_imps, uniq_azrael,
          uniq_erolcha

Skill      XL: |  1  2  3  4  5  6  7  8  9 10 11 12 13 14 15 16 |
---------------+-------------------------------------------------+-----
Axes           | 2 3 4 5 6 7 8 10 11 12 13 14 16 17 | 17.4
Fighting       | 5 6 7 9 10 11 12 13 | 13.0
Dodging        | 1 2 3 |  3.3
Throwing       | 1 3 4 5 |  5.1
Armour         | 4 5 7 8 9 10 11 12 | 12.1
Shields        | 4 5 6 7 8 12 13 | 13.0
Invocations    | 3 4 7 10 | 10.0

Action                     |  1- 3 |  4- 6 |  7- 9 | 10-12 | 13-15 | 16-18 || total
---------------------------+-------+-------+-------+-------+-------+-------++-------
  Melee: War axe           |    70 |   120 |   207 |   349 |       |       ||   746
         Kick              |     1 |    19 |    54 |    13 |       |       ||    87
         Broad axe         |       |       |       |   140 |   719 |   354 ||  1213
         Hand axe          |       |       |       |       |    52 |     9 ||    61
  Throw: Boomerang         |    24 |    45 |    34 |     4 |    23 |    26 ||   156
         Javelin           |       |       |       |    19 |    47 |       ||    66
 Invoke: Heroism           |       |       |       |    16 |    24 |    12 ||    52
         Finesse           |       |       |       |     2 |     7 |     2 ||    11
    Use: Scroll            |     3 |     5 |     7 |     3 |     6 |     3 ||    27
         Potion            |     1 |     1 |     1 |     1 |     3 |     2 ||     9
   Stab: Distracted        |       |     1 |     1 |     7 |    19 |     3 ||    31
 Armour: Scale mail        |    20 |       |       |       |       |       ||    20
         Chain mail        |    23 |    57 |   122 |    48 |       |       ||   250
         Plate armour      |       |       |       |   136 |   230 |   127 ||   493
  Dodge: Dodged            |    44 |    48 |    71 |   266 |   317 |   193 ||   939
  Block: Buckler           |    14 |    21 |    39 |    98 |   120 |       ||   292
         Kite shield       |       |       |       |       |    51 |   201 ||   252

Table legend:
 A = Non-vault XP
 B = Vault XP
 C = Vault XP percentage of total XP
 D = Non-vault monster count
 E = Vault monster count
 F = Vault count percentage of total count
                 A         B        C        D         E       F
            +---------+---------+-------+---------+---------+-------
      Total |   89501 |   64127 |  41.7 |     488 |     212 |  30.3
            +---------+---------+-------+---------+---------+-------
        D:1 |      41 |       0 |   0.0 |      17 |       0 |   0.0
        D:2 |      77 |      56 |  42.1 |      22 |      17 |  43.6
        D:3 |      22 |     313 |  93.4 |      11 |       9 |  45.0
        D:4 |     289 |       0 |   0.0 |      24 |       0 |   0.0
        D:5 |     587 |       3 |   0.5 |      32 |       1 |   3.0
        D:6 |     174 |       0 |   0.0 |       9 |       0 |   0.0
        D:7 |    1466 |     223 |  13.2 |      19 |       3 |  13.6
        D:8 |     773 |    1596 |  67.4 |      24 |       7 |  22.6
        D:9 |    1835 |       0 |   0.0 |      51 |       0 |   0.0
       D:10 |     982 |   14865 |  93.8 |       6 |      54 |  90.0
       D:11 |    4018 |    3277 |  44.9 |      30 |       8 |  21.1
       D:12 |    4133 |       0 |   0.0 |      17 |       0 |   0.0
       D:13 |    8702 |    6967 |  44.5 |      23 |       8 |  25.8
       D:14 |   13860 |   16490 |  54.3 |      33 |      29 |  46.8
       D:15 |    6572 |    6445 |  49.5 |      13 |      10 |  43.5
     Lair:1 |    2195 |       0 |   0.0 |      10 |       0 |   0.0
     Lair:2 |    9349 |       0 |   0.0 |      20 |       0 |   0.0
     Lair:3 |    9993 |    2557 |  20.4 |      41 |       8 |  16.3
     Lair:4 |    4833 |     369 |   7.1 |      18 |       4 |  18.2
     Lair:5 |   15622 |    9681 |  38.3 |      40 |      35 |  46.7
      Orc:1 |     952 |       0 |   0.0 |      13 |       0 |   0.0
      Orc:2 |    3026 |    1285 |  29.8 |      15 |      19 |  55.9
            +---------+---------+-------+---------+---------+-------
